[Event "MCCT Chessable Masters 2022"]
[Site "Online"]
[Date "2022.05.16"]
[Round "7.1"]
[White "Harikrishna, Pentala"]
[Black "Carlsen, Magnus"]
[Result "1/2-1/2"]
[ECO "B10"]
[WhiteElo "2705"]
[BlackElo "2864"]
[Annotator "TA"]
[PlyCount "89"]
[EventDate "2022.05.19"]
[EventType "tourn"]
[EventCountry "NET"]
[SourceTitle "playchess.com"]
[Source "ChessBase"]
[SourceQuality "1"]
[TimeControl "900+10"]

1. e4 c6 2. Nf3 d5 3. d3 g6 4. e5 c5 5. d4 Nc6 6. dxc5 {[%emt 0:00:17] B10: Caro-Kann: 2 d3 and 2 c4.} Bg4 {[%emt 0:00:38] [#]} 7. Nbd2 $146 ({Predecessor:} 7. Bb5 Rc8 8. O-O e6 9. b4 Bg7 10. Bxc6+ Rxc6 11. Re1 b6 12. cxb6 Qxb6 13. c3 {½-½ (68) Rakotomaharo,F (2422)-Sevian,S (2660) Chess.com INT 2020}) 7... e6 8. h3 {[%emt 0:01:29] White is slightly better.} Bxf3 9. Nxf3 Bxc5 10. Bd3 Qc7 11. Qe2 Nd4 $1 12. Nxd4 Bxd4 13. f4 Ne7 14. Bb5+ Kf8 15. c3 {[%emt 0:02:08] [#]} ({Better is} 15. Rf1 $15) 15... Bxc3+ $1 $17 16. bxc3 {[%emt 0:00:02] [#] Hoping for 0-0.} Qxc3+ (16... a6 $1 $17 17. Bd2 axb5 18. Qxb5 Kg7) 17. Qd2 $11 Qxa1 18. O-O $1 {[%emt 0:00:02] aiming for Ba3.} Rc8 19. f5 $2 {[%emt 0:01:02] [#]} (19. Bd7 $1 $11 Qc3 20. Bxc8 Qxd2 21. Bxd2 Nxc8 22. Rc1) 19... Rxc1 $1 $19 20. Rxc1 Qxe5 21. fxe6 Qxe6 22. Qd4 Rg8 23. Qxa7 Kg7 24. Rc7 (24. Qd4+ {is a better defense.} f6 25. Qc3) 24... Nf5 25. Qxb7 $2 (25. Qf2 {keeps fighting.}) 25... Qe3+ 26. Kh1 Ng3+ $2 (26... Qe1+ 27. Kh2 Qe5+ 28. Kh1 Qe1+ 29. Kh2 Rf8) 27. Kh2 Qf4 28. Kg1 h5 {[%emt 0:00:59][%cal Og8e8] Strongly threatening ...Re8!} 29. Re7 {[%emt 0:00:21] Against Re8} h4 (29... Qf6 $19 {...Nf5 is the strong threat.} 30. Bd3 h4) 30. Qc7 $17 Qxc7 31. Rxc7 {[%emt 0:00:02][%mdl 4096] Endgame KRB-KRN} Kf6 32. a4 Ne4 33. Bc6 Rb8 (33... Ke6 $15 34. Bb7 Nd6) 34. Rxf7+ $2 Kxf7 {[%emt 0:00:04] Black is clearly better.} 35. Bxd5+ Kf6 {[%emt 0:00:01] ( -> ...Rb1+)} 36. Bxe4 {[%emt 0:00:00] KR-KB} Rb3 37. Kh2 (37. Bc6 $17) 37... Ra3 38. Bc6 Ke5 39. Be8 g5 40. Bc6 Kd4 41. Kg1 Ke3 42. Kh2 Kf2 43. Bd5 (43. Bb5 $17) 43... Rxa4 $19 44. Bc6 Rd4 45. Bb7 {[%emt 0:00:01] Weighted Error Value: White=0.30/Black=0.26 (precise)} 1/2-1/2

[Event "MCCT Chessable Masters 2022"]
[Site "Online"]
[Date "2022.05.16"]
[Round "7.2"]
[White "Jones, Gawain C B"]
[Black "Praggnanandhaa R"]
[Result "0-1"]
[ECO "B21"]
[WhiteElo "2669"]
[BlackElo "2642"]
[Annotator "TA"]
[PlyCount "62"]
[EventDate "2022.05.19"]
[EventType "tourn"]
[EventCountry "NET"]
[SourceTitle "playchess.com"]
[Source "ChessBase"]
[SourceQuality "1"]
[TimeControl "900+10"]

1. e4 c5 2. Be2 Nc6 3. d3 g6 4. f4 Bg7 5. Nf3 Nf6 6. O-O {[%emt 0:00:03] B21: Sicilian: 2 f4 and Morra Gambit.} O-O 7. Qe1 d5 8. Nc3 {[%emt 0:00:07] The position is equal.} b6 {[%emt 0:01:40] [#]} 9. Bd2 $146 ({Predecessor:} 9. Qh4 dxe4 10. dxe4 Nd4 11. Nxd4 cxd4 12. Rd1 Qc7 13. Nb5 Qc5 14. b4 Qxc2 15. Rd2 Qxe4 {0-1 (38) De Castro,O-Bologan,V (2585) Philadelphia 1994}) 9... dxe4 10. dxe4 Nd4 11. Bd3 {[%emt 0:02:59] [#]} (11. Rd1 $11) 11... c4 $1 $17 {[%emt 0:00:58] Black is more active.} 12. Bxc4 (12. Nxd4 $1 $15 cxd3 13. Nc6) 12... Nxc2 (12... Nxf3+ $19 13. gxf3 Qd4+ 14. Rf2 Qxc4) 13. Qh4 (13. Qe2 $17 Nxa1 14. Rxa1) 13... Nxa1 $19 14. f5 Nc2 (14... gxf5 $2 15. e5 Nc2 16. exf6 Bxf6 17. Qg3+ Kh8 18. Bg5 $19) 15. fxg6 hxg6 16. e5 {[%emt 0:00:02] [#]} Bb7 $1 17. exf6 exf6 {[%emt 0:00:19] Hoping for ...Bxf3.} ({Wrong is} 17... Bxf6 $2 18. Qh6 Bxf3 19. Qxg6+ Bg7 20. Qxc2 $19) 18. Ne4 Nd4 ({Weaker is} 18... Re8 19. Neg5 Bxf3 20. Qh7+ (20. Bxf7+ Kf8 $15) 20... Kf8 21. Nxf3 $15) 19. Nfg5 fxg5 20. Nxg5 Nf3+ $1 21. Rxf3 $2 (21. gxf3 Qd4+ 22. Qxd4 Bxd4+ 23. Kg2) 21... Qd4+ {[%emt 0:00:14] Black is clearly winning.} 22. Qxd4 Bxd4+ 23. Be3 Bxf3 24. Bxd4 Bb7 25. Bf6 Rac8 26. Bb3 Rc1+ 27. Kf2 Rc5 {[%emt 0:00:01] Strongly threatening ...Rf5+.} 28. g4 {[%emt 0:00:31] Against Rf5+} Bd5 29. Bd1 Rc6 30. Bd4 f6 31. Nh3 g5 {[%emt 0:00:03] White did not feel at home in the position after the opening.  Weighted Error Value: White=0.53/Black=0.17 (very precise)} 0-1

[Event "MCCT Chessable Masters 2022"]
[Site "Online"]
[Date "2022.05.16"]
[Round "7.3"]
[White "Anton Guijarro, David"]
[Black "Grandelius, Nils"]
[Result "1/2-1/2"]
[ECO "B50"]
[WhiteElo "2691"]
[BlackElo "2635"]
[Annotator "TA"]
[PlyCount "76"]
[EventDate "2022.05.19"]
[EventType "tourn"]
[EventCountry "NET"]
[SourceTitle "playchess.com"]
[Source "ChessBase"]
[SourceQuality "1"]
[TimeControl "900+10"]

1. e4 c5 2. Nf3 d6 3. c3 Nf6 4. Be2 g6 5. O-O Bg7 6. Bb5+ Nc6 7. d4 {[%emt 0:00:06] B50: Sicilian: 2...d6, Miscellaneous.} O-O 8. d5 Na5 9. Re1 a6 10. Bf1 b5 11. Bf4 {[%emt 0:01:04] [#]} Re8 $146 ({Predecessor:} 11... Bg4 12. Nbd2 b4 13. cxb4 cxb4 14. Rb1 Qb6 15. h3 Bd7 16. Be3 Qb7 17. Nd4 Rfc8 {1-0 (38) Tregubov,P (2588)-Potkin,V (2583) Moscow 2019}) 12. h3 h6 13. Bh2 Qb6 14. Nbd2 e6 15. b4 Nb7 16. dxe6 Bxe6 17. a4 Nd7 18. axb5 axb5 19. Rxa8 Rxa8 {[%emt 0:00:02] The position is equal.} 20. e5 cxb4 ({Much less strong is} 20... Ra2 21. exd6 Nxd6 {[#]} 22. Rxe6 $1 fxe6 23. Qb3 $14) (20... dxe5 {seems wilder.} 21. Nxe5 cxb4 22. cxb4 Ra2) 21. cxb4 dxe5 22. Nxe5 Nxe5 23. Bxe5 Bxe5 ({Don't play} 23... Ra2 24. Bxg7 Kxg7 25. Ne4 $16) 24. Rxe5 Nd6 25. Qf3 Ra2 {[%emt 0:00:38] [#]} 26. Rxe6 $1 Rxd2 27. Re7 Qd4 28. Rd7 Kg7 29. Bxb5 Qxb4 30. Bf1 Qd4 31. g3 Qf6 32. Bg2 Qxf3 33. Bxf3 Ne4 34. Rxd2 Nxd2 $11 {[%emt 0:00:00] KB-KN} 35. Be2 Ne4 36. Bf3 Nd2 37. Be2 Ne4 38. Bf3 Nd2 {[%emt 0:00:01] Weighted Error Value: White=0.03 (flawless) /Black=0.03 (flawless)} 1/2-1/2

[Event "MCCT Chessable Masters 2022"]
[Site "Online"]
[Date "2022.05.16"]
[Round "7.4"]
[White "Ding, Liren"]
[Black "Tari, Aryan"]
[Result "1/2-1/2"]
[ECO "A22"]
[WhiteElo "2806"]
[BlackElo "2654"]
[Annotator "TA"]
[PlyCount "81"]
[EventDate "2022.05.19"]
[EventType "tourn"]
[EventCountry "NET"]
[SourceTitle "playchess.com"]
[Source "ChessBase"]
[SourceQuality "1"]
[TimeControl "900+10"]

1. c4 e5 2. Nc3 Nf6 3. Nf3 e4 4. Ng5 c6 5. Ngxe4 Nxe4 6. Nxe4 {[%emt 0:00:00] A22: English Opening: 1...e5 2 Nc3 Nf6.} d5 7. cxd5 cxd5 8. Ng3 {[%emt 0:00:01] White is better.} (8. Qa4+ $2 Bd7 9. Qd4 dxe4 10. Qxe4+ Be7 $19) 8... h5 9. e3 h4 {[%emt 0:00:04] [#]} 10. Ne2 Nc6 {[%emt 0:01:02] [#]} 11. d4 $5 $146 {[%emt 0:00:42][%mdl 8] An interesting novelty.} ({Predecessor:} 11. a3 Bd6 12. d4 Bg4 13. f3 Bh5 14. Nc3 Qb8 15. Qb3 Bxh2 16. Qxd5 Bg6 17. Bb5 {0-1 (78) Deshmukh,A (2190)-Vishnu,P (2437) Nashik 2022}) 11... Bf5 {[%emt 0:03:19] ...Nb4 is the strong threat.} 12. Bd2 ({Better is} 12. Nc3 $16) 12... h3 (12... Nb4 $11 {is superior.} 13. Bxb4 (13. Qa4+ b5 $17) 13... Bxb4+ 14. Nc3 Qa5) 13. Qb3 Qd7 14. Nf4 Bd6 {[%emt 0:01:22] Hoping for ...Bxf4.} 15. Nxh3 ({Inferior is} 15. Nxd5 Be4 16. Bd3 (16. f3 $2 Bxd5 17. Qd3 Nb4 $19) 16... hxg2 17. Bxe4 gxh1=N 18. Bxh1 Rxh2 $17) 15... O-O (15... Kf8 $16) 16. Bd3 $18 ({Don't go for} 16. Qxd5 $2 Nb4 17. Bb5 Nxd5 $17) 16... Bxh3 17. gxh3 Rac8 (17... Ne7 {was necessary.} 18. Bf1 Rac8) 18. Qxd5 {[%emt 0:02:51] Black must now prevent Qh5.} Nb4 19. Bf5 Qe7 20. Bxb4 Bxb4+ 21. Kf1 Rcd8 22. Qf3 Rd6 23. Rg1 Rh6 (23... g6 $142 24. a3 Ba5) 24. Rg4 Kh8 25. Rc1 Bd6 26. Kg1 g6 27. Bd3 Qe6 28. Re4 (28. Kh1 $18 {and White stays clearly on top.}) 28... Qf5 $16 29. Qg2 {[%emt 0:02:14][%cal Oe4h4] Threatens to win with Rh4!} ({But not} 29. Qxf5 $6 gxf5 30. Re5 Bxe5 31. dxe5 Rg8+ 32. Kh1 Rxh3 $11) (29. Qg4 {with more complications.} Rxh3 30. Rf4 Qh5 31. Qxh5+ Rxh5 32. Rg4) 29... Qxh3 30. Qxh3 Rxh3 31. f4 Kg7 32. Bf1 Rhh8 33. d5 (33. Rc3 $16) 33... g5 34. Kg2 gxf4 35. exf4 Kf6 36. h3 Rfg8+ 37. Kf3 Rg1 38. f5 {[%emt 0:00:34] [#]} ({White should try} 38. Rec4 $14) 38... Rxh3+ $1 39. Bxh3 {[%emt 0:00:01] The position is equal.} Rxc1 40. Re2 Rc4 {[%emt 0:00:21][%mdl 1024] Black has compensation.} 41. b3 {[%emt 0:00:13] Black escapes into a draw.  Weighted Error Value: White=0.19 (very precise) /Black=0.15 (very precise)} 1/2-1/2

[Event "MCCT Chessable Masters 2022"]
[Site "Online"]
[Date "2022.05.16"]
[Round "7.5"]
[White "Hansen, Eric"]
[Black "Giri, Anish"]
[Result "0-1"]
[ECO "B50"]
[WhiteElo "2606"]
[BlackElo "2761"]
[Annotator "TA"]
[PlyCount "66"]
[EventDate "2022.05.19"]
[EventType "tourn"]
[EventCountry "NET"]
[SourceTitle "playchess.com"]
[Source "ChessBase"]
[SourceQuality "1"]
[TimeControl "900+10"]

1. e4 c5 2. Nf3 d6 3. c3 Nf6 4. Be2 g6 5. O-O Bg7 6. Bb5+ Nc6 7. d4 {[%emt 0:00:02] B50: Sicilian: 2...d6, Miscellaneous.} O-O 8. d5 a6 9. Be2 {[%emt 0:00:16] [#] The position is equal.} Nb8 $146 ({Predecessor:} 9... Na5 10. b4 cxb4 11. cxb4 Nxe4 12. Nd4 Qb6 13. Nc2 Bxa1 14. Be3 Qc7 15. Nxa1 Nc4 {½-½ (25) Nilsson,L (2246)-Juras,Z (2306) ICCF email 2017}) 10. Nbd2 e6 11. c4 exd5 12. cxd5 Re8 13. Bd3 Bg4 14. a4 Nbd7 15. Re1 Ne5 16. Bf1 Nxf3+ (16... Qe7 $17) 17. gxf3 $15 Bh5 18. Qb3 Nd7 19. f4 Bd4 20. Nf3 (20. Nc4 $11) 20... Bxf3 $17 21. Qxf3 Qh4 {[%emt 0:00:15] Hoping for ...Nf6.} 22. Be3 Nf6 $40 {[%emt 0:02:17][%mdl 128] Black attacks. Black is more active.} (22... Bxb2 $17 23. Rab1 Bc3) 23. Bxd4 $11 cxd4 24. Rad1 {[%emt 0:05:45] [#]} (24. Qg3 $11 {keeps the balance.} Qxg3+ 25. fxg3) 24... Nxe4 $1 $17 25. Rxd4 (25. Rxe4 $2 Rxe4 26. Qg3 Rxf4 27. Qxh4 Rxh4 $19) 25... Nc5 26. Rxe8+ ({White should try} 26. Rc1) 26... Rxe8 27. a5 Qf6 ({Not} 27... Re1 28. b4 Qf6 29. Rd1 Rxd1 30. Qxd1 $17) 28. Rb4 (28. Qc3 $17) 28... Re1 $19 {[%emt 0:00:13] Threatens to win with ...Qf5.} 29. Kg2 $2 {[%emt 0:00:15] [#]} (29. Qh3 {is a better defense.}) 29... Qf5 $1 {[%emt 0:00:48] And now ...Qb1 would win. Black is clearly winning.} 30. h3 Qb1 31. Be2 Qc2 32. Bf1 Qc1 33. Be2 (33. Rc4 $142 Qb1 34. Rxc5 dxc5 35. Qd3) 33... Qd2 {[%emt 0:00:05][%csl LRb4,LRe2] Weighted Error Value: White=0.54/Black=0.09 (flawless)} 0-1

[Event "MCCT Chessable Masters 2022"]
[Site "Online"]
[Date "2022.05.16"]
[Round "7.6"]
[White "Mamedyarov, Shakhriyar"]
[Black "Wei, Yi"]
[Result "1/2-1/2"]
[ECO "A50"]
[WhiteElo "2770"]
[BlackElo "2727"]
[Annotator "TA"]
[PlyCount "126"]
[EventDate "2022.05.19"]
[EventType "tourn"]
[EventCountry "NET"]
[SourceTitle "playchess.com"]
[Source "ChessBase"]
[SourceQuality "1"]
[TimeControl "900+10"]

1. d4 Nf6 2. c4 e6 3. g4 Bb4+ {[%emt 0:00:33] [#]} 4. Bd2 $146 ({Predecessor:} 4. Nd2 Nxg4 5. e4 Nf6 6. e5 Ne4 7. Bd3 Nxd2 8. Bxd2 Bxd2+ 9. Qxd2 h6 10. O-O-O d5 {½-½ (67) Janaszak,D (2333)-Vifleemskaia,S (1926) Chess.com INT 2022}) 4... Qe7 5. e3 d5 6. Nc3 {[%emt 0:00:51] A50: Queen's Fianchetto Defence (1 d4 Nf6 2 c4 b6).} O-O 7. g5 Bxc3 8. Bxc3 {[%emt 0:00:01] Black is slightly better.} Ne4 9. h4 c5 10. Nf3 Nc6 11. Qc2 cxd4 12. exd4 e5 13. dxe5 ({Don't blunder} 13. cxd5 $2 exd4 14. O-O-O dxc3 $19) 13... Bg4 14. Be2 Nxc3 15. Qxc3 d4 16. Qa3 {[%emt 0:00:02] [#]} (16. Nxd4 $17 {was called for.} Qxe5 17. Qe3 Qa5+ 18. Qc3) 16... Qxa3 (16... Qe6 $1 $19 {and Black stays clearly on top.} 17. O-O-O Rad8) 17. bxa3 $17 d3 18. Bd1 {[%emt 0:00:04] [#]} (18. Rg1 $15) 18... Rac8 $1 19. Kd2 (19. Nd2 $17 {might work better.} Nxe5 20. Bxg4 Nxg4 21. O-O) 19... Na5 ({Black should play} 19... Rfd8 $19 {Strongly threatening ...Na5.} 20. Rc1 Bxf3 21. Bxf3 Nxe5) 20. Kxd3 $15 Nxc4 (20... Rxc4 $5 21. Ke3 Nc6 $15) 21. Ke4 $1 Rfe8 22. Kf4 {[%emt 0:00:54] The position is equal.} Bxf3 23. Bxf3 Nxe5 {[%emt 0:00:05] aiming for ...Rc4+.} 24. Bxb7 Rc3 25. f3 Rxa3 26. Kg3 Nd3 27. Rhb1 Nc5 {[%emt 0:00:16] Prevents Rb3.} 28. Bc6 Rc8 29. Rb5 Rc3 30. Bd5 Rd3 31. Bc6 Rd6 32. Bb7 Nxb7 33. Rxb7 $11 {[%emt 0:00:00][%mdl 4096] Endgame KRR-KRR} Ra6 34. Rc1 Rf8 35. Rc2 h6 36. Kg4 hxg5 37. hxg5 Kh7 38. f4 Ra4 39. Rbc7 Kg6 40. R7c4 f5+ 41. Kf3 Ra3+ 42. R4c3 Rxc3+ 43. Rxc3 {[%emt 0:00:00] KR-KR} Rd8 44. Rc6+ Kh5 {[%emt 0:00:02] Hoping for ...Rd3+.} 45. Rc7 Rd3+ 46. Ke2 Ra3 {[%emt 0:00:03] ...g6 is the strong threat.} 47. Rxg7 Kg4 48. g6 Rxa2+ 49. Ke3 Ra3+ 50. Kf2 Ra2+ 51. Ke3 {[%emt 0:00:01] And now Rh7 would win.} Ra3+ 52. Kf2 Kxf4 {[%emt 0:00:33] Black wants to play ...Ra2+.} 53. Rf7 Rf3+ 54. Ke2 Rg3 55. g7 a5 56. Kf2 {[%emt 0:00:03][%cal Of7f5] Intending Rxf5+! and mate.} Rf3+ 57. Kg2 Rg3+ 58. Kf2 {[%emt 0:00:00][%cal Of7f5] Threatening mate with Rxf5+!} Rg6 59. Re7 Kg5 60. Ra7 Kh6 61. Rxa5 Kxg7 62. Rxf5 Rf6 63. Rxf6 Kxf6 {[%emt 0:00:00] Weighted Error Value: White=0.07 (flawless) /Black=0.06 (flawless)} 1/2-1/2

[Event "MCCT Chessable Masters 2022"]
[Site "Online"]
[Date "2022.05.16"]
[Round "7.7"]
[White "Van Foreest, Jorden"]
[Black "Vidit, Santosh Gujrathi"]
[Result "1-0"]
[ECO "D38"]
[WhiteElo "2715"]
[BlackElo "2723"]
[Annotator "TA"]
[PlyCount "99"]
[EventDate "2022.05.19"]
[EventType "tourn"]
[EventCountry "NET"]
[SourceTitle "playchess.com"]
[Source "ChessBase"]
[SourceQuality "1"]
[TimeControl "900+10"]

1. d4 Nf6 2. c4 e6 3. Nf3 d5 4. Nc3 Bb4 5. Qa4+ Nc6 6. a3 Bxc3+ 7. bxc3 Ne4 {[%emt 0:00:04] D38: Queen's Gambit Declined: Ragozin Defence (4 Nf3 Bb4).} 8. e3 Nxc3 9. Qc2 Ne4 {[%emt 0:00:01] The position is equal.} 10. Bd3 O-O 11. O-O {[%emt 0:00:11] [#]} Bd7 $146 (11... f5 $11) ({Predecessor:} 11... Na5 12. Ne5 Nf6 13. cxd5 exd5 14. Bd2 c6 15. Rab1 Be6 16. a4 Rb8 17. Rb2 Nc4 18. Nxc4 dxc4 19. Bxc4 Bxc4 20. Qxc4 {1-0 (42) Giri,A (2776)-Van Foreest,J (2698) chess24.com INT 2021}) 12. Bxe4 $14 dxe4 13. Qxe4 Na5 14. Qc2 c5 15. dxc5 Qc7 (15... f6 $14) 16. Bd2 h6 {[%emt 0:01:21] Prevents Ng5.} 17. Rfd1 {[%emt 0:00:37] Black must now prevent Bxa5.} Rfd8 18. Bb4 b6 19. Bxa5 bxa5 20. Rd4 Be8 21. Rad1 Rdc8 22. Qc3 {[%emt 0:00:03] next Rg4 is good for White.} Qxc5 23. Rg4 g6 24. h4 {[%emt 0:00:26][%cal Oh4h5] With the idea h5!} Rd8 (24... Qe7 $11) 25. Rgd4 $16 {[%emt 0:00:23] White is more active. White leaves nothing to chance now.} Rxd4 26. exd4 ({Much worse is} 26. Nxd4 $6 Rc8 $11) 26... Qf5 27. d5 {[%emt 0:01:10] aiming for d6.} exd5 28. cxd5 a4 (28... Ba4 $16 29. Rd4 Bb5) 29. d6 $1 $18 Bd7 30. Ne5 Rc8 31. Qd4 Re8 32. Nxd7 Qxd7 {[%emt 0:00:01][%mdl 4096] Endgame KQR-KQR} 33. h5 {[%emt 0:00:00] Strongly threatening hxg6.} gxh5 {[%emt 0:01:12] [#]} (33... Re6 {is a better defense.} 34. hxg6 Rxg6) 34. Rd3 $1 {[%emt 0:01:14] And now Rg3+ would win.} Re6 {[%emt 0:00:20] [#]} (34... Re1+ 35. Kh2 Re6 36. Rg3+ Rg6 37. Qf6 Rxg3 38. fxg3) (34... h4 $142 35. Qxh4 Kh7) 35. Rg3+ $1 Rg6 36. Qf6 {[%emt 0:01:01] White wants to mate with Qe7.} Rxg3 37. fxg3 {[%emt 0:00:00] White threatens Qe7 and mate. KQ-KQ} Qc8 38. Kh2 h4 39. gxh4 Qc1 40. Qd4 {[%emt 0:00:12][%csl LRa4,LRa7] d7 would kill now.} a5 41. d7 {[%emt 0:00:14] White mates.} Qc7+ 42. Kh3 Qd8 43. Kg4 Kh7 44. Kf5 Kg8 45. g4 Kh7 46. g5 hxg5 47. hxg5 Kg8 48. g6 f6 49. Qd5+ Kh8 50. Qh1+ {[%emt 0:00:01] Weighted Error Value: White=0.06 (flawless) /Black=0.42} 1-0

[Event "MCCT Chessable Masters 2022"]
[Site "Online"]
[Date "2022.05.16"]
[Round "7.8"]
[White "Mishra, Abhimanyu"]
[Black "Shankland, Sam"]
[Result "0-1"]
[ECO "C54"]
[WhiteElo "2535"]
[BlackElo "2718"]
[Annotator "TA"]
[PlyCount "114"]
[EventDate "2022.05.19"]
[EventType "tourn"]
[EventCountry "NET"]
[SourceTitle "playchess.com"]
[Source "ChessBase"]
[SourceQuality "1"]
[TimeControl "900+10"]

1. e4 e5 2. Nf3 Nc6 3. Bc4 Bc5 4. c3 Nf6 5. d3 d6 6. O-O a6 7. a4 h6 8. Re1 {[%emt 0:00:23] 8.Re1 scores better than 8.Nbd2. C54: Giuoco Piano: 4 c3 Nf6, main lines with 5 d4 and 5 d3.} Ba7 9. Nbd2 Be6 $5 {[%emt 0:00:01][%mdl 4] Exploring less charted territory.} 10. Bxe6 {[%emt 0:00:54] White has an edge.} fxe6 11. Nf1 a5 12. Be3 Bxe3 13. Nxe3 O-O {[%emt 0:00:27] [#]} 14. Qb3 $146 ({Predecessor:} 14. Nc4 Nd7 15. d4 Qf6 16. Re2 Qg6 17. Re3 Qf6 18. Qd2 Rf7 19. Rd1 b6 20. Qe2 {½-½ (44) Dragun,K (2590)-Swiercz,D (2656) Saint Louis 2022}) 14... Qd7 15. Qb5 (15. Qxb7 $2 Rfb8 16. Qb5 Rxb5 $19) 15... b6 16. Rad1 Rf7 17. Nf1 Raf8 18. d4 exd4 (18... Ne8 {with more complications.} 19. N1d2 exd4 20. Nxd4 Nxd4 21. Qxd7 Ne2+) 19. Nxd4 Nxd4 20. cxd4 d5 21. exd5 (21. Qxd7 $11 Nxd7 22. exd5 exd5 23. f3) 21... Qxb5 $15 (21... Qxd5 22. Qxd5 Nxd5 23. f3 $11) (21... exd5 22. Qxd7 Nxd7 23. f3 $11) 22. axb5 Nxd5 23. f3 Re7 24. Ne3 ({Better is} 24. Nd2 $15) 24... Nxe3 $1 $17 {[%emt 0:01:36] Black is more active.} 25. Rxe3 {[%emt 0:00:00][%cal Ob2b4][%mdl 4096] Endgame KRR-KRR} Rf5 26. Re5 Rd7 {[%emt 0:00:30] aiming for ...Rxe5.} 27. Rxf5 exf5 {[%emt 0:00:02] KR-KR} 28. d5 Kf7 29. Kf2 Ke7 30. Ke3 Kd6 $1 31. Kd4 {[%emt 0:00:24] [#]} Re7 {[%emt 0:00:01] Inhibits Re1. ...Re2 is the strong threat.} 32. Rc1 Re2 {[%emt 0:00:02][%csl LRb2,LRg2] Threatens to win with ...Rd2+.} 33. Rc6+ Kd7 34. Rg6 Rxb2 35. Rxg7+ Kc8 36. d6 Rd2+ (36... cxd6 $6 37. Kd5 $15) ({Black should play} 36... Rb4+ $17 37. Kc3 cxd6) 37. Ke5 $11 Rxd6 38. Kxf5 $2 {[%emt 0:00:03][%mdl 8192] Black continues to play with concentration.} (38. f4 $11 {and White stays safe.}) 38... Rd5+ $19 39. Ke6 Rxb5 {[%emt 0:00:04] And now ...a4 would win.} 40. f4 a4 41. Rg3 Rb3 {[%emt 0:01:37] Strongly threatening ...Rxg3.} 42. Rg8+ Kb7 {[%emt 0:00:02] White must now prevent ...a3.} 43. Rd8 Re3+ 44. Kf6 a3 45. g4 b5 46. g5 hxg5 47. fxg5 a2 48. Rd1 b4 49. g6 b3 {[%emt 0:00:25] ( -> ...b2)} 50. g7 {[%emt 0:00:20] [#]} Re8 $1 ({Worse is} 50... b2 51. g8=Q a1=Q 52. Qd5+ Kb6 53. Qd4+ c5 54. Qd8+ Kb5 55. Qb8+ Kc4 56. Qf4+ Kb5 57. Qb8+ (57. Qf1+ c4 $17) 57... Kc4 58. Qf4+ Kb5 59. Qb8+ $11 (59. Qf1+ c4 $17)) 51. Kf7 Ra8 52. Ra1 b2 53. Rxa2 Rxa2 54. g8=Q b1=Q 55. Qg5 Qf1+ 56. Ke6 Re2+ 57. Kd5 Qd1+ {[%emt 0:00:02] Weighted Error Value: White=0.87/Black=0.10 (very precise)} (57... Qf3+ $142 58. Kc5 Qc3+ 59. Kd5 c6+ 60. Kd6 Qd4+ 61. Qd5 Qxd5#) 0-1

[Event "MCCT Chessable Masters 2022"]
[Site "Online"]
[Date "2022.05.16"]
[Round "8.1"]
[White "Carlsen, Magnus"]
[Black "Shankland, Sam"]
[Result "1-0"]
[ECO "D00"]
[WhiteElo "2864"]
[BlackElo "2718"]
[Annotator "TA"]
[PlyCount "81"]
[EventDate "2022.05.19"]
[EventType "tourn"]
[EventCountry "NET"]
[SourceTitle "playchess.com"]
[Source "ChessBase"]
[SourceQuality "1"]
[TimeControl "900+10"]

1. c3 d5 2. d4 Nf6 3. Bg5 c5 4. e3 Nc6 5. Nd2 cxd4 6. exd4 {[%emt 0:00:02] D00: 1 d4 d5: Unusual lines.} Bf5 {[%emt 0:00:01] Prevents Bd3.} 7. Ngf3 e6 8. Be2 {[%emt 0:00:32] White has an edge.} h6 9. Bh4 Bd6 10. O-O O-O 11. Re1 Rb8 {[%emt 0:01:23] [#]} 12. a4 $146 ({Predecessor:} 12. Nf1 b5 13. Ne3 Bh7 14. Ng4 Be7 15. Nge5 Nxe5 16. Nxe5 Rb6 17. Bd3 Ne4 18. Bxe7 Qxe7 {0-1 (52) Stepniak,S (2000)-Kubicki,M (2143) Wloclawek 2009}) 12... g5 13. Bg3 Ne4 14. Nxe4 Bxe4 15. Bxd6 Qxd6 16. Nd2 Bh7 17. a5 Kg7 18. Nf1 Rbe8 19. a6 b6 20. Ng3 Bg6 21. Bb5 f6 22. Qg4 h5 23. Nxh5+ Bxh5 24. Qxh5 {[%emt 0:00:00] Threatens to win with Bd3.} Rh8 {[%emt 0:00:03][%mdl 64] Deflection} 25. Qg4 {[%emt 0:00:06] aiming for Qg3.} Qxh2+ 26. Kf1 Qd6 27. g3 e5 {[%emt 0:01:28] [#]} (27... Kg6 $11) 28. Kg2 $1 $16 e4 (28... Rh6 $16) 29. f3 $18 e3 {[%emt 0:01:31] A mistake that costs the game.} (29... exf3+ $16 30. Qxf3 Ref8) 30. Rh1 Kg6 $2 (30... Rxh1 31. Rxh1 Qe6 32. Qxe6 (32. Qh5 e2 $18) 32... Rxe6) 31. Bd3+ Kf7 32. Rxh8 {[%emt 0:00:09] Chess con chili.} ({Not} 32. Qf5 Rxh1 33. Rxh1 Ke7 34. Qh7+ Kd8 $18) 32... Rxh8 {[%emt 0:00:02] [#]} 33. Re1 $1 Qe6 {[%emt 0:01:34] [#]} 34. Bg6+ $1 Ke7 35. Bf5 Qf7 36. f4 Kd8 37. fxg5 fxg5 (37... Qh5 $142 38. Qxh5 (38. Rxe3 $2 {gets mated.} Qh1+ 39. Kf2 Rh2#) 38... Rxh5 39. Rxe3 fxg5) 38. Qxg5+ Ne7 (38... Qe7 $142 39. Qf4 Qf6) 39. Rxe3 {[%emt 0:00:09][%cal Oe3e6] Re6! is the strong threat.} Qxf5 40. Qxe7+ Kc8 41. Qb7+ {[%emt 0:00:02] Weighted Error Value: White=0.10 (very precise) /Black=0.61} 1-0